 Dungeon Crawl Stone Soup version 0.19.0 (webtiles) character file.

84 PurpleRed the Skirmisher (level 4, -10/38 HPs)
             Began as a Formicid Fighter on Nov 11, 2016.
             Mangled by a gnoll
             ... wielding a +0 halberd
              (14 damage)
             ... on level 3 of the Dungeon.
             The game lasted 00:01:42 (1599 turns).

PurpleRed the Skirmisher (Formicid Fighter)         Turns: 1599, Time: 00:01:42

Health: -10/38     AC:  6    Str: 21    XL:     4   Next: 74%
Magic:  4/4        EV:  7    Int:  8    God:
Gold:   81         SH:  9    Dex: 10    Spells: 0 memorised, 3 levels left

rFire  . . .     SeeInvis +     a - +0 war axe
rCold  . . .     Gourm    .     b - +0 scale mail
rNeg   . . .     Faith    .     c - +0 shield
rPois  .         Spirit   .     (helmet unavailable)
rElec  .         Reflect  .     (no cloak)
rCorr  .         Harm     .     (no gloves)
MR     .....                    (no boots)
Stlth  ..........               (no amulet)
                                (no ring)
                                (no ring)

@: no status effects
A: permanent stasis, dig shafts and tunnels, four strong arms, antennae 3
a: Dig, Shaft Self


You were on level 3 of the Dungeon.
You were very hungry.

You visited 1 branch of the dungeon, and saw 3 of its levels.

You collected 81 gold pieces.

Inventory:

Hand Weapons
 a - a +0 war axe (weapon)
Armour
 b - a +0 scale mail (worn)
 c - a +0 shield (worn)
Jewellery
 h - a cursed amulet of inaccuracy {unknown}
Scrolls
 e - a scroll of random uselessness {unknown}
 g - 3 scrolls of identify {unknown}
 i - 3 scrolls of enchant weapon {unknown}
 j - 2 scrolls of magic mapping {unknown}
 k - a scroll of recharging {unknown}
 m - 2 scrolls of remove curse {unknown}
 p - 3 scrolls of amnesia {unknown}
Potions
 d - a potion of might
 l - a potion of resistance {unknown}
 n - a potion of mutation {unknown}
 o - 2 potions of flight {unknown}
Comestibles
 f - 2 bread rations
 q - a meat ration


   Skills:
 + Level 4.3 Fighting
 * Level 3.7 Axes
 - Level 3.2 Armour
 - Level 3.6 Shields


You had 3 spell levels left.
You didn't know any spells.

Dungeon Overview and Level Annotations

Branches:
Dungeon (3/15)

Altars:


Innate Abilities, Weirdness & Mutations

You are under a permanent stasis effect.
You can dig through walls and to a lower floor.
Your four strong arms can wield two-handed weapons with a shield.
You have a pair of large antennae on your head. (SInv)


Message History

You barely miss the frilled lizard. You hit the gnoll.
The frilled lizard bites you but does no damage.
You block the gnoll's attack.
The gnoll hits you from afar with a halberd!
You block the frilled lizard's attack.
You barely miss the gnoll.
The gnoll is moderately wounded.
You hit the frilled lizard.
You kill the frilled lizard!
The gnoll hits you from afar with a halberd.
The gnoll hits you but does no damage. The gnoll hits you with a halberd!
The gnoll barely misses you.
You closely miss the gnoll.
The gnoll is moderately wounded.
The gnoll hits you with a halberd.
* * * LOW HITPOINT WARNING * * *
The gnoll hits you from afar with a halberd.
* * * LOW HITPOINT WARNING * * *
The gnoll hits you from afar with a halberd!
You die...

#.#..# ##..## #.#..#
#....#
#.#..#######....#
#.#.............#
##...............#
#.......)####....######
##.#####...##g{........
####.# #.#.####g.#
##....# #.....@...###.
...##.# #.#.........>..
#####.# #.######.######
#.. ... ..# #### ####
###


You could see a gnoll.

Vanquished Creatures
  A gnoll (D:3)
  An adder (D:3)
  3 dart slugs
  2 worms (D:2)
  2 leopard geckos (D:2)
  5 orcs (D:3)
  6 bats
  4 goblins
  5 hobgoblins
  2 jackals (D:1)
  A quokka (D:2)
  2 frilled lizards
  7 kobolds
  8 rats
49 creatures vanquished.

Notes
Turn   | Place    | Note
-------+----------+-------------------------------------------
     0 | D:1      | PurpleRed the Formicid Fighter began the quest for the Orb.
     0 | D:1      | Reached XP level 1. HP: 18/18 MP: 1/1
   154 | D:1      | Reached XP level 2. HP: 20/24 MP: 2/2
   486 | D:1      | Reached XP level 3. HP: 30/30 MP: 3/3
   812 | D:2      | Reached skill level 4 in Fighting
   922 | D:2      | Reached XP level 4. HP: 32/37 MP: 4/4
  1599 | D:3      | Mangled by a gnoll

Skill      XL: |  1  2  3 |
---------------+----------+-----
Axes           | 3 |  3.7
Fighting       | 4 |  4.3
Armour         | |  3.2
Shields        | |  3.6

Action                   |  1- 3 |  4- 6 || total
-------------------------+-------+-------++-------
Melee: War axe           |    96 |    29 ||   125
  Eat: Chunk             |       |     1 ||     1
Armor: Scale mail        |    52 |    13 ||    65
Dodge: Dodged            |    34 |    10 ||    44
Block: Shield            |    59 |    22 ||    81
